 Dungeon Sprint DCSS version 0.28-a0-1190-g77e1c55843 (webtiles) character file.

Game seed: 15113068867009613714

40 rocky1 the Frost Mage (level 3, 0/19 HPs)
             Began as a Deep Elf Ice Elementalist on Dec 19, 2021.
             Was a Priest of Sif Muna.
             Slain by an orc warrior (9 damage)
             ... in the Dungeon (Sprint VII: "The Pits").
             The game lasted 00:01:59 (461 turns).

rocky1 the Frost Mage (Deep Elf Ice Elementalist)    Turns: 461, Time: 00:02:00

Health: 0/19       AC:  2    Str:  5    XL:     3   Next: 30%
Magic:  7/9        EV: 12    Int: 21    God:    Sif Muna [***...]
Gold:   0          SH:  0    Dex: 15    Spells: 7/8 levels left

rFire   . . .      SeeInvis .   k - +2 quarterstaff
rCold   . . .      Faith    .   (shield currently unavailable)
rNeg    . . .      Spirit   .   a - +0 robe
rPois   .          Reflect  .   (no helmet)
rElec   .          Harm     .   (no cloak)
rCorr   .          Rampage  .   (no gloves)
Will    .....      NoTele   +   (no boots)
Stlth   ++........              (no amulet)
HPRegen 0.06/turn               (no ring)
MPRegen 0.11/turn               (no ring)

@: no status effects
A: no striking features
a: Renounce Religion, Channel Magic, Forget Spell


You were in the Dungeon.
You worshipped Sif Muna.
Sif Muna was most pleased with you.
You visited 1 branch

Inventory:

Hand Weapons
 k - a +2 quarterstaff (weapon)
Armour
 a - a +0 robe (worn)
Scrolls
 g - a scroll of blinking
 i - 5 scrolls of amnesia
 j - a scroll of summoning
Potions
 b - a potion of curing
 c - a potion of heal wounds
 d - a potion of haste
 e - 3 potions of magic
 f - 3 potions of berserk rage
 h - 2 potions of invisibility


   Skills:
 - Level 2.5 Dodging
 - Level 2.4 Stealth
 - Level 3.0 Spellcasting
 + Level 8.5 Ice Magic


You had 7 spell levels left.
You knew the following spells:

 Your Spells              Type           Power      Damage    Failure   Level
a - Freeze                Ice            100%       1d11      1%          1

Your spell library contained the following spells:

 Spells                   Type           Power      Damage    Failure   Level
 Frozen Ramparts          Ice            78%        1d9       1%          3
 Ozocubu's Armour         Ice            39%        N/A       1%          3
 Hailstorm                Conj/Ice       21%        3d6       22%         4


Dungeon Overview and Level Annotations

Branches:
Dungeon (1/1)

Altars:
Ashenzari
Cheibriados
Dithmenos
Elyvilon
Fedhas
Gozag
Hepliaklqana
Kikubaaqudgha
Makhleb
Nemelex Xobeh
Okawaru
Qazlal
Ru
Sif Muna
Trog
Uskayaw
Vehumet
Wu Jian
Xom
Yredelemnul
Zin
The Shining One
Beogh
Jiyva
Lugonu


Message History

Sif Muna accepts your kill.
Casting: Freeze (safe; 1% risk of failure)
Confirm with . or Enter, or press ? or * to list all spells.
Aiming: Freeze (safe; 1% risk of failure)
Press: ? - help, Shift-Dir - straight line, f - orc
Aim: an orc, wielding a +0 whip You freeze the orc!
You kill the orc!
Sif Muna accepts your kill.
You can now freely open your mind to new spells.
You closely miss the quokka zombie. The quokka zombie closely misses you.
You sock the quokka zombie!
You destroy the quokka zombie!
Sif Muna accepts your kill.
Items here: )) [ †††.
You start resting.
An orc warrior comes into view. It is wielding a +0 hand axe.
The orc warrior hits you with a +0 hand axe.
Okay, then.
Magic courses through your body.
The orc warrior hits you with a +0 hand axe.
Unknown command.
Casting: Freeze (safe; 1% risk of failure)
Confirm with . or Enter, or press ? or * to list all spells.
Aiming: Freeze (safe; 1% risk of failure)
Press: ? - help, Shift-Dir - straight line, f - orc warrior
Aim: an orc warrior, wielding a +0 hand axe and wearing a +0 plate armour You freeze the orc warrior.
The orc warrior is lightly wounded.
The orc warrior closely misses you.
Unknown command.
Casting: Freeze (safe; 1% risk of failure)
Confirm with . or Enter, or press ? or * to list all spells.
Aiming: Freeze (safe; 1% risk of failure)
Press: ? - help, Shift-Dir - straight line, f/p - orc warrior
Aim: an orc warrior, wielding a +0 hand axe and wearing a +0 plate armour (lightly wounded)
You freeze the orc warrior!
The orc warrior is heavily wounded.
The orc warrior hits you with a +0 hand axe!
You die...

##########'##...........
#.?(.')))'.##......#..#.
##########.##...........
#.........÷.'...........
#+#####÷#####......#..#.
#. #...'.##...........
#..#...#.#####'#####++
#..#####)##.......#
#..'..†#@##.......#
#..'...o.##.......#
#..########...<...# #Z
#.......# # #.......#
#.......# #########


You could see an orc warrior.

Vanquished Creatures
  2 adders (D)
  A river rat (D)
  2 orcs (D)
  A giant cockroach (D)
  4 jackals (D)
  A quokka zombie (D)
  2 rats (D)
13 creatures vanquished.

Notes
Turn   | Place    | Note
-------+----------+-------------------------------------------
     0 | D        | rocky1 the Deep Elf Ice Elementalist began the quest for
                  | the Orb.
     0 | D        | Reached XP level 1. HP: 10/10 MP: 6/6
    21 | D        | Found a bloodstained altar of Trog.
    21 | D        | Found a shimmering blue altar of Sif Muna.
    21 | D        | Found a viscous altar of Jiyva.
    21 | D        | Found a hazy altar of Hepliaklqana.
    21 | D        | Found an opulent altar of Gozag.
    22 | D        | Found a glowing golden altar of the Shining One.
    22 | D        | Found a glowing silver altar of Zin.
    22 | D        | Found a basalt altar of Yredelemnul.
    22 | D        | Found a shimmering altar of Xom.
    22 | D        | Found an ornate altar of the Wu Jian Council.
    22 | D        | Found a sacrificial altar of Ru.
    22 | D        | Found a stormy altar of Qazlal.
    22 | D        | Found an iron altar of Okawaru.
    22 | D        | Found a sparkling altar of Nemelex Xobeh.
    22 | D        | Found a burning altar of Makhleb.
    22 | D        | Found a blossoming altar of Fedhas.
    22 | D        | Found a white marble altar of Elyvilon.
    22 | D        | Found a shadowy altar of Dithmenos.
    22 | D        | Found a snail-covered altar of Cheibriados.
    25 | D        | Found a corrupted altar of Lugonu.
    25 | D        | Found a radiant altar of Vehumet.
    26 | D        | Found an ancient bone altar of Kikubaaqudgha.
    26 | D        | Found a hide-covered altar of Uskayaw.
    26 | D        | Found a broken altar of Ashenzari.
    29 | D        | Became a worshipper of Sif Muna the Loreminder
    79 | D        | Reached skill level 6 in Ice Magic
    79 | D        | Reached XP level 2. HP: 3/15 MP: 1/8
   321 | D        | Reached * piety under Sif Muna
   322 | D        | Reached skill level 7 in Ice Magic
   441 | D        | Reached ** piety under Sif Muna
   445 | D        | Reached skill level 8 in Ice Magic
   445 | D        | Reached XP level 3. HP: 15/19 MP: 2/9
   451 | D        | Reached *** piety under Sif Muna
   458 | D        | Noticed an orc warrior
   461 | D        | Slain by an orc warrior

Illustrated notes

Levels and vault maps discovered:
D:        pitsprint [storerooms_1, entrance_room_1, metal_vault_6, armoury_3,
          mini_pit_1, grid_room_1, main_hall_1, silver_pit, the_coven_1,
          the_vestibule_1, steel_vault_3, golden_pit, hallway_of_sentries,
          crystal_vault_3, iron_vault_1, final_vault]

Skill      XL: |  1  2 |
---------------+-------+-----
Ice Magic      | 6 8 |  8.5
Dodging        | |  2.5
Stealth        | |  2.4
Spellcasting   | |  3.0

Action                   || total
-------------------------++-------
Melee: Unarmed           ||     3
       Quarterstaff      ||     8
 Cast: Freeze            ||    22
  Use: Potion            ||     1
Armor: Robe              ||     2
Dodge: Dodged            ||    21

Table legend: (Time is in decaauts)
 A = Elapsed time spent in this place.
 B = Non-inter-level travel time spent in this place.
 C = Inter-level travel time spent in this place.
 D = Time resting spent in this place.
 E = Time spent auto-exploring this place.
 F = Levels seen in this place.
 G = Mean time per level.
                   A        B        C        D        E       F      G
               +--------+--------+--------+--------+--------+-----+--------+
         Total |    462 |    462 |      0 |    334 |      0 |   1 |  462.0 |
       Dungeon |    462 |    462 |      0 |    334 |      0 |   1 |  462.0 |
               +--------+--------+--------+--------+--------+-----+--------+

Top non-repeatable levels by time:
       D: 462 daAuts
